 Dungeon Crawl Stone Soup version 0.31.0-11-ge490571c62 (webtiles) character file.

Game seed: 11363061417296429827

109 qw the Ducker (level 4, -2/22 HPs)
             Began as a Spriggan Hunter on Feb 3, 2024.
             Slain by an ogre
             ... wielding a +0 giant club
              (16 damage)
             ... on level 4 of the Dungeon.
             The game lasted 00:00:07 (1726 turns).

qw the Ducker (Spriggan Hunter)                     Turns: 1726, Time: 00:00:07

Health: -2/22      AC:  2    Str:  7    XL:     4   Next: 60%
Magic:  5/5        EV: 20    Int: 10    God:
Gold:   200        SH:  0    Dex: 20    Spells: 3/3 levels left

rFire   . . .        a - +0 shortbow
rCold   . . .        (shield currently unavailable)
rNeg    . . .        c - +0 robe
rPois   .            (helmet restricted)
rElec   .            (no cloak)
rCorr   .            (gloves unavailable)
SInv    +            (boots unavailable)
Will    .....        (no amulet)
Stlth   ++           (no ring)
HPRegen 0.23/turn    (no ring)
MPRegen 0.09/turn

%: no passive effects
@: hasted, very quick
A: very small, no large weapons, unfitting armour, see invisible, speed 3
a: no special abilities


You were on level 4 of the Dungeon.
You visited 1 branch of the dungeon, and saw 4 of its levels.

You collected 200 gold pieces.


Innate Abilities, Weirdness & Mutations

You are very small and have problems with some larger weapons.
You are too small for most types of armour.
You have supernaturally acute eyesight. (SInv)
You cover ground extremely quickly. (Speed+++)


   Skills:
 + Level 1.6 Fighting
 - Level 5.0 Ranged Weapons
 - Level 5.1 Dodging
 - Level 1.5 Stealth


You had 3 spell levels left.
You didn't know any spells.
Your spell library was empty.

Inventory:

Hand Weapons
 a - a +0 shortbow (weapon)
Armour
 c - a +0 robe (worn)
Scrolls
 b - a scroll of brand weapon {unknown}
Potions
 e - 3 potions of curing
 i - a potion of heal wounds
 j - a potion of attraction {unknown}

Dungeon Overview and Level Annotations

Branches:
Dungeon (3/15)             Temple (0/1) D:4

Altars:
Xom

Shops:
D:3 !


Message History

The arrow hits the jackal!
You kill the jackal!
An ogre comes into view. It is wielding a +0 giant club.
You shoot an arrow. The arrow hits the gnoll.
The gnoll is moderately wounded.
A gnoll comes into view. It is wielding a +0 club.
A gnoll comes into view. It is wielding a +0 whip.
Enter note:
Enter note:
1715 ||| RETREEEEATING.
Enter note:
1716 ||| RETREEEEATING.
1717 ||| DRINKING potion of haste.
You feel yourself speed up.
You shoot an arrow. The arrow hits the gnoll!
The gnoll is almost dead.
You shoot an arrow. The arrow hits the gnoll.
You kill the gnoll!
Your Dodging skill increases to level 5!
You shoot an arrow. The arrow hits the jackal.
You kill the jackal!
You shoot an arrow. The arrow hits the ogre.
The ogre is lightly wounded.
You shoot an arrow. The arrow closely misses the ogre.
You shoot an arrow. The arrow completely misses the ogre.
A gnoll comes into view. It is wielding a +0 club.
You shoot an arrow. The gnoll shouts!
The arrow hits the ogre!
The ogre is moderately wounded.
The ogre barely misses you.
You shoot an arrow. The arrow hits the ogre.
The ogre is moderately wounded.
The gnoll hits you with a +0 club!
You shoot an arrow. The gnoll shouts!
The arrow hits the ogre.
The ogre is moderately wounded.
The ogre hits you with a +0 giant club!
Ouch! That really hurt!
You die...

...#....#...#.....#
........#.........#
...##.....###.....#
... ##..####......#
... ##.# ##......##
.....##.###.....#..##
....................#
.....#..........#####
..##......#.#...@.#.#
##...........Og..#
#..###.)........##
...# #######.....#
###. ##..%## #. #.g.#
#.%.# .g... ......


You could see an ogre and 3 gnolls.

Vanquished Creatures
  4 gnolls
  3 dart slugs
  2 ribbon worms
  An orc (D:4)
  6 endoplasms
  2 giant cockroaches
  3 goblins
  6 hobgoblins
  5 jackals
  5 kobolds
  A quokka (D:1)
  4 ball pythons
  5 bats
  A frilled lizard (D:1)
  9 rats
57 creatures vanquished.

Notes
Turn   | Place    | Note
-------+----------+-------------------------------------------
     0 | D:1      | qw the Spriggan Hunter began the quest for the Orb.
     0 | D:1      | Reached XP level 1. HP: 10/10 MP: 2/2
     0 | D:1      | 0 ||| qw: Version: 0.3-a-157-g843a77d
     0 | D:1      | 0 ||| qw: Game counter: 3676
     0 | D:1      | 0 ||| qw: Melee chars always use a shield: true
     0 | D:1      | 0 ||| qw: God list: Okawaru
     0 | D:1      | 0 ||| qw: Allow faded altars: false
     0 | D:1      | 0 ||| qw: Do Orc after clearing Dungeon:15 true
     0 | D:1      | 0 ||| qw: Do second Lair branch before Depths: true
     0 | D:1      | 0 ||| qw: Lair rune preference: random
     0 | D:1      | 0 ||| qw: Goals: Normal
     0 | D:1      | 0 ||| PLANNING D:1-11
   105 | D:1      | Reached skill level 3 in Dodging
   165 | D:1      | Reached XP level 2. HP: 14/14 MP: 3/3
   779 | D:1      | 779 ||| READING scroll labelled ZORO MIQOTHRI.
   780 | D:1      | 780 ||| DRINKING 3 bubbling ruby potions.
   781 | D:1      | 781 ||| DROPPING scroll of butterflies.
   830 | D:2      | Reached XP level 3. HP: 18/18 MP: 4/4
  1072 | D:2      | 1072 ||| FLEEEEING.
  1073 | D:2      | 1073 ||| FLEEEEING.
  1074 | D:2      | 1074 ||| FLEEEEING.
  1075 | D:2      | 1075 ||| FLEEEEING.
  1085 | D:2      | Reached XP level 4. HP: 22/22 MP: 5/5
  1260 | D:2      | Found a shimmering altar of Xom.
  1463 | D:2      | 1463 ||| DROPPING ring of wizardry.
  1464 | D:2      | 1464 ||| DROPPING ring of magical power.
  1465 | D:2      | 1465 ||| READING 3 scrolls labelled VOUSTIO UFIS.
  1465 | D:2      | 1465 ||| IDENTIFYING puce potion
  1466 | D:2      | 1466 ||| READING 2 scrolls of identify.
  1466 | D:2      | 1466 ||| IDENTIFYING orange potion
  1467 | D:2      | 1467 ||| READING scroll of identify.
  1467 | D:2      | 1467 ||| IDENTIFYING cyan potion
  1468 | D:2      | 1468 ||| DROPPING potion of degeneration.
  1585 | D:3      | Found Vuhath's Distillery.
  1591 | D:3      | You fall into a shaft and drop 1 floor!
  1592 | D:4      | 1592 ||| PLANNING OSSUARY
  1605 | D:4      | Found a staircase to the Ecumenical Temple.
  1713 | D:4      | Noticed an ogre
  1715 | D:4      | 1715 ||| RETREEEEATING.
  1716 | D:4      | 1716 ||| RETREEEEATING.
  1717 | D:4      | 1717 ||| DRINKING potion of haste.
  1726 | D:4      | Slain by an ogre

Levels and vault maps discovered:
D:1:      dpeg_arrival_ratfight, layout_loops_ring, serial_forest,
          infiniplex_forest_end_3, infiniplex_forest_clump_small,
          infiniplex_forest_clump_tiny, infiniplex_forest_corner_2,
          infiniplex_forest_lined_3, infiniplex_forest_end_2
D:2:      layout_basic, basic_altar
D:3:      layout_rooms, serial_shops, nicolae_shop_waterfront,
          corexii_item_surrounded_by_moat, kennysheep_another_room
D:4:      layout_rooms, mainiacjoe_overflow_24_doors, minmay_temple_entry_tees,
          enter_ossuary_4, ebering_ghost_sewer_f, serial_shops, shop,
          chequers_avenue, serial_park_tiny_1, grunt_ministairs_6, uniq_duvessa

Skill      XL: |  1  2  3  4 |
---------------+-------------+-----
Dodging        | 3 4 5 |  5.1
Ranged Weapons | 5 |  5.0
Fighting       | |  1.6
Stealth        | |  1.5

Action                     |  1- 3 |  4- 6 || total
---------------------------+-------+-------++-------
   Fire: Shortbow          |    97 |    65 ||   162
    Use: Scroll            |     1 |     3 ||     4
         Potion            |     1 |     1 ||     2
 Armour: Robe              |     5 |     8 ||    13
  Dodge: Dodged            |    17 |    21 ||    38

Table legend:
 A = Non-vault XP
 B = Vault XP
 C = Vault XP percentage of total XP
 D = Non-vault monster count
 E = Vault monster count
 F = Vault count percentage of total count
                 A         B        C        D         E       F
            +---------+---------+-------+---------+---------+-------
      Total |     146 |      11 |   7.0 |      49 |       8 |  14.0
            +---------+---------+-------+---------+---------+-------
        D:1 |      35 |       5 |  12.5 |      18 |       5 |  21.7
        D:2 |      72 |       0 |   0.0 |      19 |       0 |   0.0
        D:3 |      10 |       0 |   0.0 |       5 |       0 |   0.0
        D:4 |      29 |       6 |  17.1 |       7 |       3 |  30.0
            +---------+---------+-------+---------+---------+-------
